 Dungeon Sprint DCSS version 0.31-a0-596-g831eee08f1 (webtiles) character file.

Game seed: 16856483895289306265

6435 sircluck the Zephyrmancer (level 10, -7/50 HPs)
             Began as a Tengu Air Elementalist on Aug 20, 2023.
             Was the Champion of Qazlal.
             Blown up by a lich (25 damage)
             ... with a wavering orb of destruction
             ... in the Dungeon (Sprint V: "Ziggurat Sprint").
             The game lasted 00:08:53 (503 turns).

sircluck the Zephyrmancer (Tengu Air Elementalist)   Turns: 503, Time: 00:08:54

Health: -7/50      AC:  3    Str: 10    XL:     10   Next: 99%
Magic:  6/23       EV: 28    Int: 15    God:    Qazlal [******]
Gold:   0          SH:  8    Dex: 30    Spells: 21/26 levels left

rFire   . . .        l - +27 heavy crossbow "Sniper" {heavy, Acc+∞ SInv}
rCold   . . .        (shield currently unavailable)
rNeg    . . .        Q - +1 robe "Kamah" {rElec Will+ Slay+2}
rPois   .            (helmet restricted)
rElec   +            (no cloak)
rCorr   .            (no gloves)
SInv    +            (boots unavailable)
Will    +....        K - amulet of faith
Stlth   ++           n - +6 ring of dexterity
HPRegen 0.28/turn    o - +6 ring of dexterity
MPRegen 0.18/turn

%: no teleportation, repel missiles, faith
@: flying quickly and evasively, studying Throwing, quick
A: beak, talons 3, nimble flight
a: Renounce Religion, Upheaval, Elemental Force, Disaster Area


You were in the Dungeon.
You worshipped Qazlal.
Qazlal was exalted by your worship.
You visited 1 branch

Inventory:

Hand Weapons
 i - a +5 demon trident
 j - a +5 longbow
 l - the +27 heavy crossbow "Sniper" (weapon) {heavy, Acc+∞ SInv}
   (You found it in the Dungeon)

   Acc+∞: It never misses its target.
   SInv:      It lets you see invisible.
 E - the +8 demon blade "Leech" {evervamp, Harm Drain rN+}
   (You found it in the Dungeon)

   rN+:       It protects you from negative energy.
   Drain:     It drains your maximum health when unequipped.
   Harm:      It increases damage dealt and taken.
Armour
 a - a +0 robe
 h - a +3 buckler
 k - the +18 shield of the Gong {Loud rN+ Will+ rCorr EV-5}
   (You found it in the Dungeon)

   Loud:      It is deafeningly noisy when blocking attacks.
   EV-5:      It affects your evasion (-5).
   rN+:       It protects you from negative energy.
   Will+:     It increases your willpower.
   rCorr:     It protects you from acid and corrosion.
 O - the +0 robe of Quantum Leap {rElec}
   (You found it in the Dungeon)

   rElec:     It insulates you from electricity.
 Q - the +1 robe "Kamah" (worn) {rElec Will+ Slay+2}
   (You found it in the Dungeon)

   Slay+2:    It affects your accuracy & damage with ranged weapons and melee
   (+2).
   rElec:     It insulates you from electricity.
   Will+:     It increases your willpower.
Jewellery
 m - a ring of flight
 n - a +6 ring of dexterity (left hand)
 o - a +6 ring of dexterity (right hand)
 p - a +6 ring of intelligence
 q - a +6 ring of intelligence
 r - a +6 ring of strength
 s - a +6 ring of strength
 G - a ring of magical power
 J - the ring of Dobluse {+Blink rPois rN+ Str-3 Stlth+}
   (You found it in the Dungeon)

   [ring of positive energy]

   Str-3:     It affects your strength (-3).
   rPois:     It protects you from poison rN+: It protects you from negative
   energy.
   +Blink:    It lets you blink.
   Stlth+:    It makes you more stealthy.
 K - an amulet of faith (around neck)
 L - an amulet of magic regeneration
 N - the ring of the Genius {rN+ Int+3}
   (You found it in the Dungeon)

   [ring of positive energy]

   Int+3:     It affects your intelligence (+3).
   rN+:       It protects you from negative energy.
Wands
 t - a wand of mindburst (22)
 u - a wand of quicksilver (13)
 z - a wand of charming (13)
 P - a wand of roots (4)
 R - a wand of flame (10)
Scrolls
 g - 2 scrolls of blinking
 y - 4 scrolls of amnesia
 B - 7 scrolls of fog
 C - 5 scrolls of identify
 D - 2 scrolls of fear
 M - a scroll of brand weapon
Potions
 b - 8 potions of magic
 c - 10 potions of curing
 d - 8 potions of heal wounds
 e - 14 potions of haste
 f - 3 potions of berserk rage
 v - 2 potions of brilliance
 w - 2 potions of invisibility
 x - 4 potions of resistance
 A - 5 potions of might
Miscellaneous
 F - a tin of tremorstones (2/2)
 H - a sack of spiders
 I - a phantom mirror


   Skills:
 + Level 8.8 Polearms
 * Level 11.9 Ranged Weapons
 + Level 10.5 Dodging
 + Level 10.5 Stealth
 + Level 8.9 Spellcasting
 + Level 12.2 Conjurations
 + Level 12.7 Air Magic
 + Level 7.5 Invocations


You had 21 spell levels left.
You knew the following spells:

 Your Spells              Type           Power      Damage    Failure   Level
a - Shock                 Conj/Air       100%       1d9       1%          1
b - Airstrike             Air            22%        2d(4-20)  1%          4

Your spell library contained the following spells:

 Spells                   Type           Power      Damage    Failure   Level
 Poisonous Vapours        Pois/Air       50%        N/A       1%          2
 Searing Ray              Conj           86%        2d7       1%          2
 Static Discharge         Conj/Air       88%        2-6/arc   1%          2
 Mephitic Cloud           Conj/Pois/Air  31%        N/A       1%          3
 Swiftness                Air            45%        N/A       1%          3
 Fulminant Prism          Conj/Hex       12%        3d9       9%          4
 Iskenderun's Mystic Bla  Conj/Tloc      25%        2d7       9%          4
 Freezing Cloud           Conj/Ice/Air   15%        6-21      10%         5
 Conjure Ball Lightning   Conj/Air       22%        3x3d6     10%         6
 Freeze                   Ice            24%        1d4       11%         1
 Ensorcelled Hibernation  Hex/Ice        12%        N/A       17%         2
 Summon Guardian Golem    Hex/Summ       6%         N/A       32%         3
 Volatile Blastmotes      Fire/Tloc      12%        2d11      32%         3
 Animate Dead             Necr           6%         N/A       73%         4
 Manifold Assault         Tloc           6%         N/A       73%         4
 Summon Forest            Summ/Tloc      3%         N/A       97%         5
 Dispersal                Tloc           3%         N/A       100%        6
 Discord                  Hex            3%         N/A       100%        8
 Disjunction              Tloc           3%         N/A       100%        8


Dungeon Overview and Level Annotations

Branches:
Dungeon (1/1)

Altars:
Ashenzari
Cheibriados
Dithmenos
Elyvilon
Fedhas
Gozag
Hepliaklqana
Kikubaaqudgha
Makhleb
Nemelex Xobeh
Okawaru
Qazlal
Ru
Sif Muna
Trog
Uskayaw
Vehumet
Wu Jian
Xom
Yredelemnul
Zin
The Shining One
Jiyva
Lugonu


Innate Abilities, Weirdness & Mutations

You have a beak for a mouth.
You have claws for feet.
Your magical nature lets you fly swiftly and evasively.


Message History

The lich is engulfed in freezing vapours.
The lich conjures a glowing orb.
The wavering orb of destruction weakly hits you!!
Ouch! That really hurt!
The lich is engulfed in freezing vapours.
The lich touches you but does no damage.
Activating: Disaster Area (16% risk of failure)
Press: ? - help, Dir - look around, f - activate Nature churns violently around you!
The blast of ice hits the necromancer!!
The necromancer is heavily wounded.
The necromancer is flash-frozen.
The blast of ice hits the adder zombie!
The adder zombie partially resists.
The adder zombie is severely damaged.
The adder zombie is flash-frozen.
The blast of rubble hits the ball python zombie!!
You destroy the ball python zombie!
Qazlal accepts your kill.
The blast of rubble hits the skeletal warrior but does no damage.
The cutting wind hits the wight!!
You destroy the wight!
Qazlal accepts your kill.
The cutting wind hits the adder zombie!!!
You destroy the adder zombie!
Qazlal accepts your kill.
The cutting wind hits the skeletal warrior!!
The skeletal warrior is moderately damaged.
The cutting wind hits the shadow!!
You destroy the shadow!
Qazlal accepts your kill.
The blast of magma engulfs the skeletal warrior.
The skeletal warrior partially resists.
The skeletal warrior is heavily damaged.
The blast of magma engulfs the necromancer!!
You kill the necromancer!
Qazlal accepts your kill.
The lich conjures a glowing orb.
The wavering orb of destruction weakly hits you!!
Ouch! That really hurt!
You die...

▓..)).)...▓
▓..[[§[?..▓...%.)...▓
▓.........▓....†....▓
▓....§....▓...†..[..▓
▓....z....▓....†....▓
▓≈≈.).§§..▓.........▓
▓≈..§.§...▓.▓.†...▓.▓
▓.▓§☼L..▓.▓....©†...▓
▓...L@....▓▓▓▓▓▓▓▓▓▓▓
▓▓▓▓▓▓▓▓▓▓▓


You could see 2 liches and a skeletal warrior.

Vanquished Creatures
  Erica (D)
  3 spriggans (D)
  A spriggan druid (D)
  2 necromancers (D)
  A komodo dragon (D)
  2 hornets (D)
  2 tarantellas (D)
  A jumping spider (D)
  Sigmund (D)
  2 slime creatures (D)
  2 shadows (D)
  2 golden eyes (D)
  A redback (D)
  Edmund (D)
  A water moccasin (D)
  Duvessa (D)
  4 orc warriors (D)
  A black bear (D)
  2 wolves (D)
  Blork the orc (D)
  6 scorpions (D)
  A wight (D)
  Dowan (D)
  3 crimson imps (D)
  A quasit (D)
  3 jellies (D)
  An orc priest (D)
  2 iron imps (D)
  Crazy Yiuf (D)
  Jessica (D)
  3 river rats (D)
  A shadow imp (D)
  An adder zombie (D)
  An orc (D)
  2 endoplasms (D)
  3 jackals (D)
  A ball python zombie (D)
64 creatures vanquished.

Notes
Turn   | Place    | Note
-------+----------+-------------------------------------------
     0 | D        | sircluck the Tengu Air Elementalist began the quest for the
                  | Orb.
     0 | D        | Reached XP level 1. HP: 10/10 MP: 4/4
     2 | D        | Found a blossoming altar of Fedhas.
     2 | D        | Found the +6 Majin-Bo {spellvamp, MP+6 Int+6}
     2 | D        | Found the +27 heavy crossbow "Sniper" {heavy, Acc+∞ SInv}
     2 | D        | Found the +10 dark maul {heavy}
     2 | D        | Found the +15 Maxwell's patent armour {-Cast -Tele rElec
                  | Will+ rCorr}
     2 | D        | Found the +18 shield of the Gong {Loud rN+ Will+ rCorr
                  | EV-5}
     2 | D        | Found the +16 obsidian axe {drain, demonic, Mesm Drain Fly
                  | SInv}
     2 | D        | Found the +7 great mace "Firestarter" {flame, immolate,
                  | rFlCloud rF++}
     2 | D        | Found the +6 shillelagh "Devastator" {shatter}
     2 | D        | Found the +11 plutonium sword {Contam Stlth-}
     2 | D        | Found the +8 lance "Wyrmbane" {slay drac, rPois rF+ rC+
                  | AC+3}
     2 | D        | Found the +9 sword of Zonguldrok {reap}
     2 | D        | Found the +13 scythe of Curses {drain, curses, Drain}
     2 | D        | Found the +9 sword of Power {lifebolt}
     2 | D        | Found the +7 mace of Variability {chaos, chaos arc}
     2 | D        | Found the +11 Singing Sword {sonic wave}
     2 | D        | Found the +8 storm bow {elec, penet}
     4 | D        | Found a viscous altar of Jiyva.
     4 | D        | Found a hazy altar of Hepliaklqana.
     4 | D        | Found a transporter.
     4 | D        | Found an opulent altar of Gozag.
     4 | D        | Found an ancient bone altar of Kikubaaqudgha.
     4 | D        | Found a corrupted altar of Lugonu.
    14 | D        | Found a burning altar of Makhleb.
    15 | D        | Found a sparkling altar of Nemelex Xobeh.
    15 | D        | Found an iron altar of Okawaru.
    15 | D        | Found a stormy altar of Qazlal.
    15 | D        | Found a sacrificial altar of Ru.
    25 | D        | Found a shimmering blue altar of Sif Muna.
    27 | D        | Found a bloodstained altar of Trog.
    29 | D        | Became a worshipper of Qazlal Stormbringer
    48 | D        | Reached skill level 5 in Air Magic
    48 | D        | Reached XP level 2. HP: 15/15 MP: 5/7
    55 | D        | Entered arena 2.
    55 | D        | Found a transporter.
    62 | D        | Got the Incunable of the Glacier and Rallying
    69 | D        | Entered arena 3.
    69 | D        | Found the +8 demon blade "Leech" {evervamp, Harm Drain rN+}
    69 | D        | Noticed a crimson imp
    69 | D        | Found a transporter.
    70 | D        | Killed a crimson imp
    70 | D        | Reached * piety under Qazlal
    71 | D        | Reached XP level 3. HP: 19/19 MP: 9/9
    72 | D        | Reached skill level 5 in Conjurations
    73 | D        | Reached skill level 5 in Dodging
    73 | D        | Reached XP level 4. HP: 24/24 MP: 11/11
    88 | D        | Entered arena 4.
    88 | D        | Found a transporter.
    89 | D        | Reached ** piety under Qazlal
    90 | D        | Reached skill level 5 in Stealth
    91 | D        | Gained mutation: Your magical nature lets you fly swiftly
                  | and evasively. [Tengu growth]
    91 | D        | Reached XP level 5. HP: 18/28 MP: 13/13
    92 | D        | Reached skill level 5 in Spellcasting
    92 | D        | Reached *** piety under Qazlal
   110 | D        | Entered arena 5.
   110 | D        | Noticed a golden eye
   110 | D        | Noticed a slime creature
   110 | D        | Found a transporter.
   112 | D        | Reached skill level 1 in Ranged Weapons
   112 | D        | Reached XP level 6. HP: 28/32 MP: 14/14
   112 | D        | Killed a golden eye
   113 | D        | Killed a slime creature
   114 | D        | Reached XP level 7. HP: 34/36 MP: 14/16
   115 | D        | Reached **** piety under Qazlal
   130 | D        | Got the ring of Dobluse {+Blink rPois rN+ Str-3 Stlth+}
   145 | D        | Entered arena 6.
   145 | D        | Noticed a golden eye
   145 | D        | Noticed a slime creature
   145 | D        | Found a transporter.
   146 | D        | Killed a slime creature
   147 | D        | Reached skill level 5 in Ranged Weapons
   148 | D        | Killed a golden eye
   148 | D        | Reached ***** piety under Qazlal
   149 | D        | Reached XP level 8. HP: 33/41 MP: 18/18
   168 | D        | Entered arena 7.
   172 | D        | Found a transporter.
   179 | D        | Reached skill level 10 in Air Magic
   180 | D        | Reached skill level 5 in Polearms
   180 | D        | Reached ****** piety under Qazlal
   200 | D        | Entered arena 8.
   200 | D        | Noticed a komodo dragon
   202 | D        | Killed a komodo dragon
   203 | D        | Reached skill level 5 in Invocations
   204 | D        | Reached XP level 9. HP: 45/45 MP: 20/20
   205 | D        | Found a transporter.
   218 | D        | Got the ring of the Genius {rN+ Int+3}
   227 | D        | Got the +0 robe of Quantum Leap {rElec}
   240 | D        | Entered arena 9.
   240 | D        | Noticed a spriggan rider
   240 | D        | Noticed a spriggan druid
   240 | D        | Noticed a spriggan rider
   241 | D        | Found a transporter.
   244 | D        | Reached skill level 10 in Conjurations
   244 | D        | Killed a spriggan rider
   244 | D        | Killed a hornet
   245 | D        | Killed a spriggan druid
   246 | D        | Reached skill level 10 in Ranged Weapons
   246 | D        | Reached XP level 10. HP: 5/50 MP: 13/23
   298 | D        | Learned a level 4 spell: Airstrike
   405 | D        | Entered arena 10.
   405 | D        | Noticed Sigmund
   405 | D        | Noticed Jessica
   405 | D        | Noticed Blork the orc
   405 | D        | Noticed Crazy Yiuf
   405 | D        | Noticed Dowan
   405 | D        | Noticed Duvessa
   405 | D        | Noticed Edmund
   405 | D        | Noticed Erica
   407 | D        | Killed Sigmund
   407 | D        | Killed Blork the orc
   407 | D        | Killed Crazy Yiuf
   408 | D        | Killed Edmund
   408 | D        | Killed Jessica
   409 | D        | Killed Duvessa
   410 | D        | Killed Erica
   410 | D        | Killed Dowan
   411 | D        | Reached skill level 10 in Dodging
   411 | D        | Reached skill level 10 in Stealth
   411 | D        | Found a transporter.
   421 | D        | Got the +1 robe "Kamah" {rElec Will+ Slay+2}
   425 | D        | Got Sif Muna's Catalogue of the Evil Fifth Circle
   469 | D        | Entered arena 11.
   469 | D        | Found the +12 glaive of Prune {freeze, Prune}
   476 | D        | Found a transporter.
   499 | D        | Entered arena 12.
   499 | D        | Noticed a necromancer
   499 | D        | Noticed a necromancer
   499 | D        | Noticed a lich
   499 | D        | Noticed a lich
   501 | D        | Killed a necromancer
   502 | D        | Identified the +9 battleaxe of the Boiling Point {heavy,
                  | rF+++}
   502 | D        | Noticed a skeletal warrior
   503 | D        | Killed a necromancer
   503 | D        | Blown up by a lich

Illustrated notes

Levels and vault maps discovered:
D:        sprint_v [room_start, room_1, room_2, room_3, room_4, room_5, room_6,
          room_7, room_8, room_9, room_10, room_11, room_12, room_13, room_14,
          room_15, room_16, room_17, room_18, room_19, room_20, room_21,
          room_22, room_23, room_24, room_25, room_26, room_27]

Skill      XL: |  1  2  3  4  5  6  7  8  9 10 |
---------------+-------------------------------+-----
Dodging        | 3 4 5 6 7 8 9 10 | 10.5
Stealth        | 3 4 5 6 7 8 9 10 | 10.5
Spellcasting   | 3 4 5 6 7 8 |  8.9
Conjurations   | 4 5 6 7 8 9 11 12 | 12.2
Air Magic      | 5 6 7 8 9 10 11 12 | 12.7
Invocations    | 2 3 4 5 6 7 |  7.5
Ranged Weapons | 1 4 6 7 10 11 | 11.9
Polearms       | 3 4 5 7 8 |  8.8

Action                     |  1- 3 |  4- 6 |  7- 9 | 10-12 || total
---------------------------+-------+-------+-------+-------++-------
  Melee: Heavy crossbow    |       |       |     1 |       ||     1
   Fire: Heavy crossbow    |     5 |     7 |    16 |    11 ||    39
 Invoke: Disaster Area     |       |       |     1 |     4 ||     5
  Evoke: Tin of tremorston |       |       |     2 |       ||     2
    Use: Potion            |     1 |       |     2 |       ||     3
         Scroll            |       |       |     2 |       ||     2
 Armour: Robe              |     3 |     1 |       |     1 ||     5
  Dodge: Dodged            |     3 |     9 |    23 |     7 ||    42
         Repelled          |       |       |       |     1 ||     1
  Block: Other             |       |     2 |    10 |     4 ||    16

Table legend: (Time is in decaauts)
 A = Elapsed time spent in this place.
 B = Non-inter-level travel time spent in this place.
 C = Inter-level travel time spent in this place.
 D = Time resting spent in this place.
 E = Time spent auto-exploring this place.
 F = Levels seen in this place.
 G = Mean time per level.
                   A        B        C        D        E       F      G
               +--------+--------+--------+--------+--------+-----+--------+
         Total |    578 |    564 |     14 |    158 |     19 |   1 |  578.0 |
       Dungeon |    578 |    564 |     14 |    158 |     19 |   1 |  578.0 |
               +--------+--------+--------+--------+--------+-----+--------+

Top non-repeatable levels by time:
       D: 578 daAuts
